 Dungeon Crawl Stone Soup version 0.26.1-2-gb8aa6d0cf2 (webtiles) character file.

Game seed: 1052310152840068933

2035 MalarOregon the Digger (level 9, -2/58 HPs)
             Began as a Halfling Earth Elementalist on Mar 29, 2021.
             Was a Priest of Ashenzari.
             Slain by a killer bee (4 damage)
             ... on level 6 of the Dungeon.
             The game lasted 00:17:33 (10226 turns).

MalarOregon the Digger (HaEE)                      Turns: 10226, Time: 00:17:33

Health: -2/58      AC:  9    Str: 10 (12) XL:     9   Next: 48%
Magic:  13/13      EV: 15    Int: 10 (13) God:    Ashenzari [***...]
Gold:   363        SH:  0    Dex: 14 (15) Spells: 3/13 levels left

rFire    . . .     SeeInvis +   v - +2 flail (vorpal) (curse)
rCold    . . .     Faith    .   (shield restricted)
rNeg     + . .     Spirit   .   u - +0 ring mail
rPois    .         Reflect  .   I - +2 helmet
rElec    .         Harm     .   (no cloak)
rCorr    .         Rampage  .   (no gloves)
Will     +....                  (no boots)
Stlth    ++........             e - amulet of magic regeneration
HPRegen  0.19/turn              n - ring of willpower
MPRegen  0.38/turn              B - ring of positive energy

@: brilliant, lethally poisoned (-2 -> -4), attractive, very slightly
contaminated, invisible
A: small, mutation resistance 1
a: Renounce Religion, Curse Item, Scrying


You were on level 6 of the Dungeon.
You worshipped Ashenzari.
Ashenzari was most pleased with you.
You visited 2 branches of the dungeon, and saw 7 of its levels.
You also visited: Ossuary.

You collected 363 gold pieces.

Inventory:

Hand Weapons
 v - a cursed +2 vorpal flail (weapon)
   (You took it off a gnoll on level 2 of the Dungeon)
Missiles
 b - 148 stones
 g - 4 boomerangs of dispersal {!f}
 l - 6 atropa-tipped darts
 q - a throwing net {!f}
 r - 45 poisoned darts
 s - 6 boomerangs
Armour
 u - a +0 ring mail (worn)
   (You found it on level 3 of the Dungeon)
 I - a +2 helmet (worn)
   (You found it on level 6 of the Dungeon)
Jewellery
 e - an amulet of magic regeneration (around neck)
   (You found it on level 6 of the Dungeon)
 n - a ring of willpower (left hand)
   (You found it on level 2 of the Dungeon)
 B - a ring of positive energy (right hand)
   (You found it on level 5 of the Dungeon)
Wands
 c - a wand of enslavement (5)
   (You found it on level 3 of the Dungeon)
 d - a wand of iceblast (6)
   (You found it on level 3 of the Dungeon)
Scrolls
 f - 2 scrolls of identify {@r1}
 h - 2 scrolls of blinking {unknown}
 m - a scroll of enchant weapon
 p - 4 scrolls of teleportation {@r4}
 w - a scroll of noise {unknown}
 x - a scroll of remove curse {@r2}
 y - a scroll of magic mapping {unknown}
 E - 2 scrolls of enchant armour {unknown}
 G - a scroll of silence {unknown}
Potions
 i - a potion of might
 k - 4 potions of attraction {!q}
 o - 2 potions of flight
 t - 2 potions of mutation {!q}
 z - 3 potions of heal wounds {unknown}
 A - 2 potions of invisibility
 D - 2 potions of brilliance
 F - a potion of resistance {unknown}


   Skills:
 + Level 3.8 Fighting
 - Level 5.0 Armour
 + Level 5.8 Dodging
 - Level 6.0 Stealth
 + Level 2.7 Spellcasting
 - Level 1.0 Transmutations
 * Level 6.3 Earth Magic
 + Level 2.4 Evocations


You had 3 spell levels left.
You knew the following spells:

 Your Spells              Type           Power        Failure   Level
a - Sandblast             Erth           42%          4%          1
b - Petrify               Tmut/Erth      13%          83%         4
q - Passwall              Tmut/Erth      10%          22%         2
x - Stone Arrow           Conj/Erth      22%          50%         3

Your spell library contained the following spells:

 Spells                   Type           Power        Failure   Level
 Lee's Rapid Deconstruct  Erth           10%          80%         5


Dungeon Overview and Level Annotations

Branches:
Dungeon (6/15)             Temple (1/1) D:4         Ossuary (visited)

Altars:
Ashenzari
Cheibriados
Elyvilon
Fedhas
Gozag
Kikubaaqudgha
Makhleb
Nemelex Xobeh
Okawaru
Qazlal
Ru
Trog
Uskayaw
Vehumet
Wu Jian
Xom
Yredelemnul
Zin
The Shining One

Shops:
D:6 =

Annotations:
D:3 1 runed translucent door, Crazy Yiuf


Innate Abilities, Weirdness & Mutations

You are small and have problems with some larger weapons.
You are somewhat resistant to further mutation.


Message History

You are poisoned.
The killer bee poisons you!
You feel better.
The killer bee stings you but does no damage.
The killer bee completely misses you.
Aim: a killer bee (severely wounded, 42% to evade)
The blast of sand hits the killer bee!
You kill the killer bee!
Aim: a killer bee (severely wounded, 42% to evade)
The blast of sand hits the killer bee but does no damage.
The killer bee stings you.
* * * LOW HITPOINT WARNING * * *
The killer bee barely misses you.
Aim: a killer bee (severely wounded, 42% to evade)
The blast of sand misses the killer bee.
The killer bee completely misses you. The killer bee misses you.
Unknown command.
Aim: a killer bee (severely wounded, 42% to evade)
The blast of sand misses the killer bee.
The killer bee stings you.
* * * LOW HITPOINT WARNING * * *
The killer bee stings you.
* * * LOW HITPOINT WARNING * * *
You are lethally poisoned!
The killer bee poisons you!
Okay, then.
It was a potion of attraction.
You feel attractive to monsters.
* * * LOW HITPOINT WARNING * * *
You feel sick.
The killer bee stings you but does no damage.
The killer bee barely misses you.
It was a potion of brilliance.
You feel clever all of a sudden.
* * * LOW HITPOINT WARNING * * *
You feel sick. The killer bee misses you.
The killer bee stings you but does no damage.
Unknown command.
It was a potion of invisibility.
You fade into invisibility!
The killer bee barely misses you. The killer bee misses you.
You are very lightly contaminated with residual magic.
It was a potion of degeneration.
There was something very wrong with that liquid.
You feel weakened.
You feel dopey.
You feel clumsy. The killer bee misses you. The killer bee barely misses you.
It was a potion of magic.
Magic courses through your body.
* * * LOW HITPOINT WARNING * * *
You feel sick. The killer bee barely misses you. The killer bee stings you.
You die...

# # # # # #####* * * # *...∆ , #
*#y#* * * * * *
################@#
#................#
#.##....###########
..##..............#
####.....##########
#.................###############
.>.................#.#.#.#.#.#.#.
....#....#.######.#.#.#.#.#.#.#.#
###.#....#.# #..###.###.###.##


You could see a killer bee.

Vanquished Creatures
  Sigmund (D:6)
  A black bear (D:4)
  A necrophage (D:6)
  3 ogres
  2 centaurs
  Blork the orc (D:4)
  A scorpion (D:5)
  7 killer bees
  2 centaur zombies
  2 hounds
  2 human zombies (Ossuary)
  3 jellies
  An orc priest (D:4)
  2 centaur skeletons (D:5)
  4 worker ants
  An orc wizard (D:5)
  A big kobold zombie (Ossuary)
  A hound zombie (D:6)
  A hound skeleton (D:5)
  2 mummies (Ossuary)
  9 gnolls
  7 adders
  A shadow imp (D:5)
  3 white imps
  An ooze (D:1)
  An adder zombie (Ossuary)
  An adder skeleton (D:5)
  A dart slug (D:1)
  6 worms
  4 leopard geckos
  9 orcs
  4 giant cockroaches
  10 goblins
  9 hobgoblins
  6 jackals
  2 quokkas
  3 ball pythons
  8 bats
  5 frilled lizards
  A goblin zombie (Ossuary)
  9 hobgoblin zombies (Ossuary)
  A jackal skeleton (D:6)
  5 kobolds
  11 kobold zombies (Ossuary)
  7 orc zombies (Ossuary)
  9 rats
  3 rat zombies (Ossuary)
175 creatures vanquished.

Notes
Turn   | Place    | Note
-------+----------+-------------------------------------------
     0 | D:1      | MalarOregon the Halfling Earth Elementalist began the quest
                  | for the Orb.
     0 | D:1      | Reached XP level 1. HP: 11/11 MP: 3/3
   181 | D:1      | Reached XP level 2. HP: 13/17 MP: 4/4
   884 | D:1      | Reached XP level 3. HP: 22/22 MP: 5/5
  1491 | D:2      | Found a faded altar of an unknown god.
  1583 | D:2      | Reached skill level 1 in Armour
  1598 | D:2      | Became a worshipper of Ashenzari the Shackled
  1598 | D:2      | Reached * piety under Ashenzari
  1666 | D:2      | Reached skill level 1 in Fighting
  1666 | D:2      | Reached XP level 4. HP: 21/28 MP: 0/6
  2028 | D:2      | Reached skill level 1 in Transmutations
  2675 | D:2      | Reached XP level 5. HP: 22/33 MP: 5/8
  3262 | D:3      | Found a runed translucent door.
  3263 | D:3      | Noticed Crazy Yiuf
  3810 | D:3      | Reached ** piety under Ashenzari
  3893 | D:3      | Reached XP level 6. HP: 39/39 MP: 9/9
  4858 | D:4      | Noticed a black bear
  4882 | D:4      | Killed a black bear
  5042 | D:4      | Noticed an ogre
  5045 | D:4      | Found a staircase to the Ecumenical Temple.
  5050 | D:4      | Killed an ogre
  5051 | D:4      | Reached skill level 5 in Earth Magic
  5051 | D:4      | Reached XP level 7. HP: 45/45 MP: 4/10
  5415 | D:4      | Noticed Blork the orc
  5831 | D:4      | Killed Blork the orc
  6049 | Temple   | Entered the Ecumenical Temple
  6265 | D:5      | Entered Level 5 of the Dungeon
  6388 | D:5      | Reached XP level 8. HP: 24/51 MP: 7/11
  6765 | D:5      | Found a white marble altar of Elyvilon.
  6782 | D:5      | Reached skill level 5 in Stealth
  7235 | D:5      | Reached skill level 5 in Dodging
  7395 | D:5      | Learned a level 2 spell: Passwall
  7399 | D:5      | Learned a level 3 spell: Stone Arrow
  7404 | D:5      | Learned a level 4 spell: Petrify
  8391 | D:6      | Found a sand-covered staircase.
  8394 | D:6      | Reached skill level 5 in Armour
  8414 | D:6      | Reached skill level 1 in Evocations
  8483 | Ossuary  | Entered an ossuary
  8767 | Ossuary  | Reached XP level 9. HP: 52/57 MP: 12/12
  9130 | D:6      | Found a radiant altar of Vehumet.
  9213 | D:6      | Found Fidet's Jewellery Boutique.
  9666 | D:6      | Noticed Sigmund
  9672 | D:6      | Killed Sigmund
  9825 | D:6      | Found an iron altar of Okawaru.
  9825 | D:6      | Found a bloodstained altar of Trog.
 10059 | D:6      | Reached *** piety under Ashenzari
 10226 | D:6      | HP: 2/58 [poisoned by a killer bee]
 10226 | D:6      | Slain by a killer bee

Illustrated notes

Levels and vault maps discovered:
D:1:      elethiomel_arrival_maze, layout_basic
D:2:      kb_forest_paths, layout_basic, chequers_ecumenical_altar_grove,
          dk_vineyard_3, cheibrodos_gnoll_hut
D:3:      layout_basic, uniq_crazy_yiuf_cottage
D:4:      layout_loops_ring, minmay_temple_entry_grid, uniq_blork_the_orc
D:5:      layout_layer_cave, lemuel_doored_altar, minmay_holes,
          kennysheep_generic_room_12
D:6:      layout_basic, grunt_temple_overflow_bloody_war, basic_altar,
          enter_ossuary_3, serial_shops, nicolae_shop_waterfront,
          roderic_roman_lattice, moated_statue, uniq_sigmund
Temple:   eino_temple_rhombus

Skill      XL: |  1  2  3  4  5  6  7  8  9 |
---------------+----------------------------+-----
Armour         | 1 2 3 5 |  5.0
Fighting       | 1 2 3 |  3.8
Transmutations | 1 |  1.0
Spellcasting   | 2 |  2.7
Earth Magic    | 4 5 6 |  6.3
Dodging        | 3 4 5 |  5.8
Stealth        | 3 4 5 6 |  6.0
Evocations     | 1 2 |  2.4

Action                   |  1- 3 |  4- 6 |  7- 9 || total
-------------------------+-------+-------+-------++-------
Melee: Short sword       |    29 |    42 |       ||    71
       Flail             |       |    45 |   218 ||   263
 Cast: Sandblast         |    37 |    47 |   108 ||   192
Invok: Curse Item        |       |       |     1 ||     1
  Use: Scroll            |       |     7 |     1 ||     8
       Potion            |       |       |     9 ||     9
 Stab: Sleeping          |     3 |     8 |     5 ||    16
Armor: Robe              |     4 |     8 |       ||    12
       Ring mail         |       |    18 |   107 ||   125
Dodge: Dodged            |    29 |    86 |   291 ||   406
